Map: Dash and Terminal LE (Void)

Players

wabbajack - Winner!

  • Race: Zerg Zerg
  • League: Gold

JOviiZio

  • Race: Protoss Protoss
  • League: Grandmaster

VOD

Have the link to the VOD?

Description

Time

  • Played on: July 20, 2015, 11:23 a.m.
  • Length: 4:40
Show
View Real Time Build Order
Export as new Build Order

wabbajack Zerg - Winner!

Build Orders: Hatch First 

Get SALT Encoding   

  12  0:01  Drone  
  13  0:13  Overlord  
  13  0:18  Drone  
  14  0:27  Drone, Extractor  
  15  0:32  Drone  
  16  0:37  Drone  
  17  0:56  Hatchery  
  16  0:58  Extractor  
  16  1:00  Drone  
  16  1:03  Drone  
  17  1:08  Drone  
  18  1:22  Spawning Pool  
  17  1:27  Drone  
  17  1:30  Drone  
  19  1:40  Overlord  
  19  2:09  Queen  
  19  2:11  Queen  
  19  2:12  Metabolic Boost  
  23  2:16  Drone, Extractor  
  23  2:24  Zergling x2  
  23  2:26  Zergling x4  
  26  2:33  Drone  
  26  2:34  Baneling Nest  
  26  2:35  Drone  
  26  2:37  Drone  
  28  2:52  Zergling x4  
  28  2:53  Zergling x4  
  32  3:01  Pneumatized Carapace  
  32  3:07  Overlord  
  32  3:29  Zergling x2  
  32  3:30  Zergling x10  
  38  3:38  Baneling x4  
  38  3:50  Overlord  
  38  3:57  Spine Crawler  
  37  4:03  Spine Crawler  
Show
View Real Time Build Order
Export as new Build Order

JOviiZio Protoss 

Build Orders: Nexus First, Oracle Opening 

Get SALT Encoding   

  12  0:01  Probe  
  13  0:15  Pylon  
  13  0:17  Probe  
  14  0:33  Probe (Chrono Boost)  
  15  0:45  Probe (Chrono Boost)  
  17  1:00  Nexus  
  17  1:03  Probe (Chrono Boost)  
  17  1:15  Probe (Chrono Boost)  
  18  1:19  Gateway  
  18  1:23  Probe (Chrono Boost)  
  19  1:32  Probe  
  20  1:34  Assimilator  
  20  1:42  Pylon  
  20  1:44  Probe (Chrono Boost)  
  21  1:56  Probe (Chrono Boost)  
  22  2:02  Assimilator  
  22  2:03  Probe (Chrono Boost)  
  23  2:08  Cybernetics Core  
  23  2:13  Probe (Chrono Boost)  
  25  2:17  Probe (Chrono Boost)  
  26  2:23  Probe (Chrono Boost)  
  26  2:27  Probe (Chrono Boost)  
  27  2:32  Probe (Chrono Boost)  
  29  2:39  Probe (Chrono Boost)  
  30  2:44  Probe (Chrono Boost)  
  30  2:46  Warp Gate  
  30  2:49  Adept  
  33  2:53  Probe x2 (Chrono Boost)  
  34  3:00  Probe (Chrono Boost)  
  34  3:05  Stargate  
  35  3:10  Probe (Chrono Boost)  
  35  3:11  Probe (Chrono Boost)  
  37  3:19  Probe  
  38  3:24  Stalker (Chrono Boost)  
  40  3:32  Probe (Chrono Boost)  
  40  3:33  Pylon  
  41  3:34  Gateway  
  41  3:36  Probe (Chrono Boost)  
  41  3:38  Gateway  
  42  3:42  Assimilator  
  42  3:44  Assimilator  
  42  3:46  Adept  
  46  3:55  Probe x2 (Chrono Boost), Pylon  
  46  3:58  Oracle (Chrono Boost)  
  49  4:13  Probe (Chrono Boost)  
  49  4:15  Probe (Chrono Boost)  
  49  4:16  Robotics Facility  
Tags
 
Add a new tag
Caveats
  • Supply blocks, unpowered buildings, or Contaminate may cause inaccurate times.
  • Supply counts are checked every 10 seconds.